 Dungeon Crawl Stone Soup version 0.30-a0-629-gd54f4be4f7 (webtiles) character file.

Game seed: 11621676514837096552

16 kae the Insei (level 2, -3/31 HPs)
             Began as a Demonspawn Transmuter on Jan 12, 2023.
             Shot with a sling bullet by a goblin (4 damage)
             ... on level 1 of the Dungeon.
             The game lasted 00:00:28 (205 turns).

kae the Insei (Demonspawn Transmuter)                Turns: 205, Time: 00:00:29

Health: -3/31      AC: 21    Str: 10    XL:     2   Next: 41%
Magic:  5/5        EV:  2    Int: 14    God:
Gold:   8          SH:  0    Dex: 13    Spells: 4/5 levels left

rFire   . . .      SeeInvis .      - Unarmed
rCold   . . .      Faith    .    (no shield)
rNeg    . . .      Spirit   .    (body armour currently unavailable)
rPois   +          Reflect  .    (helmet currently unavailable)
rElec   .          Harm     .    (cloak currently unavailable)
rCorr   .          Rampage  .    (gloves currently unavailable)
Will    .....      NoTele   +    (boots currently unavailable)
Stlth   +                        (no amulet)
HPRegen 0.25/turn                (no ring)
MPRegen 0.09/turn                (no ring)

@: tree-form (expiring)
A: stationary, stasis, torment immunity, boosted hp, (hooves 1)
a: no special abilities


You were on level 1 of the Dungeon.
You were a tree.
You visited 1 branch of the dungeon, and saw 1 of its levels.

You collected 8 gold pieces.


Innate Abilities, Weirdness & Mutations

You are a tree.
Your roots penetrate the ground, keeping you stationary.
You cannot be teleported.
You are immune to unholy pain and torment.
Your maximum health is greatly increased.
Your equipment is partially melded.
((You have large cloven feet.))


   Skills:
 - Level 1.0 Fighting
 - Level 1.7 Dodging
 + Level 2.9 Unarmed Combat
 + Level 2.2 Spellcasting
 * Level 2.3 Transmutations


You had 4 spell levels left.
You knew the following spells:

 Your Spells              Type           Power      Damage    Failure   Level
a - Beastly Appendage     Tmut           16%        N/A       9%          1

Your spell library contained the following spells:

 Spells                   Type           Power      Damage    Failure   Level
 Wereblood                Tmut           8%         N/A       14%         2
 Spider Form              Tmut/Pois      4%         N/A       41%         3
 Ice Form                 Ice/Tmut       4%         N/A       82%         4

Inventory:

Missiles
 c - 11 stones
Armour
 a - a +0 robe (melded)

Dungeon Overview and Level Annotations

Branches:
Dungeon (1/15) Zot: 5794

Altars:

###.######.###.# .##.#
#.###.# ...+ .##.#
#...#.##...# .##.#
######.#..+...+
.##.###....#...# ...#
.##.#.+....###.# g..#
....#.#††..# #.##...###
.####.#....# #.#).....#
...........# #.#♣.....#
..###......# #.#......+
....#......###.#...>..#
...........+...'......#
..##.#.....#####......#
.......#+#.# #......#
.###.###.#.# #......#
.....# #.#.# #......#
.##### #.#.# #...?..#


You could see a goblin.


Message History

Your headbutt misses the jackal. The jackal bites you.
* * * LOW HITPOINT WARNING * * *
The jackal bites you.
* * * LOW HITPOINT WARNING * * *
😱 HP[-3] MP[+1]
You now have 21 max hp (+6).
You closely miss the jackal. You kick the jackal.
The jackal completely misses you.
Unknown command.
You hit the jackal. You kick the jackal.
You kill the jackal!
Really quaff
b - a potion of lignification {!q}?
Really quaff the potion of lignification?
Your horns disappear.
You turn into a tree.
Your +0 robe melds into your body.
Your roots penetrate the ground. 😱 HP[+1] MP[+1]
You now have 31 max hp (+10).
You completely miss the kobold.
The kobold hits you but does no damage. 😱 HP[+1]
You smack the kobold!
You kill the kobold!
Unknown command.
You cannot move.
You cannot move.
You start resting.
A goblin comes into view.
It is wielding a +0 sling. 😱 HP[+1] Unknown command.
The goblin shouts! 😱 HP[+1]
The goblin shoots a sling bullet.
The sling bullet hits you but does no damage. 😱 MP[+1]
Your mp is fully restored (5).
The goblin shoots a sling bullet.
The sling bullet hits you but does no damage.
The goblin shoots a sling bullet.
The sling bullet hits you but does no damage. 😱 HP[+1]
The goblin shoots a sling bullet.
The sling bullet barely misses you.
The goblin shoots a sling bullet.
The sling bullet hits you but does no damage. 😱 HP[+1]
The goblin shoots a sling bullet.
The sling bullet hits you.
* * * LOW HITPOINT WARNING * * *
😱 HP[-2]
You take 2 damage, and now have 5/31 hp.
The goblin shoots a sling bullet.
The sling bullet hits you.
* * * LOW HITPOINT WARNING * * *
😱 HP[-1]
You take 1 damage, and now have 4/31 hp.
The goblin shoots a sling bullet.
The sling bullet hits you.
* * * LOW HITPOINT WARNING * * *
😱 HP[-1]
You take 1 damage, and now have 3/31 hp.
The goblin shoots a sling bullet.
The sling bullet hits you but does no damage. 😱 HP[+1]
The goblin shoots a sling bullet.
The sling bullet barely misses you.
The goblin shoots a sling bullet.
The sling bullet hits you but does no damage.
The goblin shoots a sling bullet.
The sling bullet hits you but does no damage.
The goblin shoots a sling bullet.
The sling bullet hits you but does no damage. 😱 HP[+1]
Your transformation is almost over.
The goblin shoots a sling bullet.
The sling bullet hits you.
* * * LOW HITPOINT WARNING * * *
😱 HP[-4]
You take 4 damage, and now have 1/31 hp.
Casting: Beastly Appendage (safe; 9% risk of failure)
Press: ? - help, Q - select action, (/) - cycle Dir - look around, f - activate You are stuck in your current form!
Unknown command.
Casting: Beastly Appendage (safe; 9% risk of failure)
Press: ? - help, Q - select action, (/) - cycle Dir - look around, f - activate Look: a goblin, wielding a +0 sling You are stuck in your current form!
Casting: Beastly Appendage (safe; 9% risk of failure)
Press: ? - help, Q - select action, (/) - cycle Dir - look around, f - activate
Okay, then.
You aren't carrying any potions.
Unknown command.
There are no items here.
Casting: Beastly Appendage (safe; 9% risk of failure)
Press: ? - help, Q - select action, (/) - cycle Dir - look around, f - activate You are stuck in your current form!
Unknown command.
Casting: Beastly Appendage (safe; 9% risk of failure)
Press: ? - help, Q - select action, (/) - cycle Dir - look around, f - activate
Okay, then.
You aren't carrying any scrolls.
You aren't carrying any potions.
You aren't carrying any scrolls.
Unknown command.
You cannot move.
The goblin shoots a sling bullet.
The sling bullet hits you.
You die...

Skill      XL: |  1 |
---------------+----+-----
Transmutations | 2 |  2.3
Fighting       | |  1.0
Dodging        | |  1.7
Unarmed Combat | |  2.9
Spellcasting   | |  2.2

Action                   || total
-------------------------++-------
Melee: Unarmed           ||    14
       Headbutt          ||     2
       Kick              ||     3
 Cast: Beastly Appendage ||     3
  Use: Potion            ||     1
Armor: Robe              ||     3
       Skin              ||     9
Dodge: Dodged            ||    14

Levels and vault maps discovered:
D:1:      evilmike_arrival_plus, layout_basic

Notes
Turn   | Place    | Note
-------+----------+-------------------------------------------
     0 | D:1      | kae the Demonspawn Transmuter began the quest for the Orb.
     0 | D:1      | Reached XP level 1. HP: 15/15 MP: 3/3
    13 | D:1      | magus.rc [v1.11.3]
   170 | D:1      | Reached skill level 2 in Transmutations
   175 | D:1      | Lost mutation: You have razor-sharp toenails. [demonic
                  | ancestry]
   175 | D:1      | Lost mutation: You have sharp toenails. [demonic ancestry]
   175 | D:1      | Gained mutation: You have large cloven feet. [demonic
                  | ancestry]
   175 | D:1      | Reached XP level 2. HP: 6/21 MP: 3/5
   175 | D:1      | HP: 3/21 [jackal (3)]
   175 | D:1      | HP: 1/21 [jackal (2)]
   196 | D:1      | HP: 5/31 [goblin/sling bullet (2)]
   204 | D:1      | HP: 1/31 [goblin/sling bullet (4)]
   205 | D:1      | Shot with a sling bullet by a goblin

Vanquished Creatures
  A gnoll (D:1)
  A giant cockroach (D:1)
  2 jackals (D:1)
  2 ball pythons (D:1)
  A kobold (D:1)
7 creatures vanquished.

Table legend:
 A = Non-vault XP
 B = Vault XP
 C = Vault XP percentage of total XP
 D = Non-vault monster count
 E = Vault monster count
 F = Vault count percentage of total count
                 A         B        C        D         E       F
            +---------+---------+-------+---------+---------+-------
      Total |      24 |       0 |   0.0 |       7 |       0 |   0.0
            +---------+---------+-------+---------+---------+-------
        D:1 |      24 |       0 |   0.0 |       7 |       0 |   0.0
            +---------+---------+-------+---------+---------+-------

Illustrated notes

Table legend:
 A = Kills in this place as a percentage of kills in entire the game.
 B = Kills by you in this place as a percentage of kills by you in the entire game.
 C = Kills by friends in this place as a percentage of kills by friends in the entire game.
 D = Other kills in this place as a percentage of other kills in the entire game.
 E = Experience gained in this place as a percentage of experience gained in the entire game.
 F = Experience gained in this place divided by the number of levels of this place that you have seen.
                   A       B       C       D       E      F
               +-------+-------+-------+-------+-------+----------------------
         Total | 100.0 | 100.0 |   N/A |   N/A | 100.0 |  24.0
       Dungeon | 100.0 | 100.0 |   N/A |   N/A | 100.0 |  24.0
               +-------+-------+-------+-------+-------+----------------------

Table legend: (Time is in decaauts)
 A = Elapsed time spent in this place.
 B = Non-inter-level travel time spent in this place.
 C = Inter-level travel time spent in this place.
 D = Time resting spent in this place.
 E = Time spent auto-exploring this place.
 F = Levels seen in this place.
 G = Mean time per level.
                   A        B        C        D        E       F      G
               +--------+--------+--------+--------+--------+-----+--------+
         Total |    204 |    204 |      0 |      6 |    144 |   1 |  204.0 |
       Dungeon |    204 |    204 |      0 |      6 |    144 |   1 |  204.0 |
               +--------+--------+--------+--------+--------+-----+--------+

Top non-repeatable levels by time:
     D:1: 204 daAuts
